 Dungeon Crawl Stone Soup version 0.32-a0-22-g6ae6769602 (console) character file.

Game seed: 13832216391263856737

44601 Ignak the Thaumaturge (level 14, 0/108 HPs)
             Began as a Gnoll Air Elementalist on Jan 18, 2024.
             Was a High Priest of Sif Muna.
             Slain by an orc warrior
             ... wielding a +0 glaive
             ... led by an orc high priest
              (16 damage)
             ... on level 2 of the Orcish Mines.
             The game lasted 01:06:52 (13358 turns).

Ignak the Thaumaturge (Gnoll Air Elementalist)     Turns: 13358, Time: 01:06:53

Health: 0/108      AC: 14    Str:  7    XL:     14   Next: 29%
Magic:  11/28      EV: 22    Int: 19    God:    Sif Muna [*****.]
Gold:   834        SH:  0    Dex: 14    Spells: 5/34 levels left

rFire   . . .        a - +7 double sword (flame)
rCold   . . .        l - orb "Wisuwk" {*channel, Regen+}
rNeg    . . .        k - +2 robe {rC+}
rPois   .            P - +2 hat
rElec   .            S - +0 cloak
rCorr   .            I - +2 pair of gloves "Etalog" {+Blink rC- SInv Stlth+}
SInv    +            E - +0 pair of boots
Will    +....        v - amulet of magic regeneration
Stlth   +++++        B - +5 ring of evasion
HPRegen 1.98/turn    V - ring of wizardry
MPRegen 0.61/turn

%: wizardry (x1), channel magic (20%)
@: on blink cooldown
A: fangs 1, strong nose, distributed training, regeneration 1, shaggy fur 1
a: Renounce Religion, Evoke Blink, Channel Magic, Forget Spell, Divine Exegesis


You were on level 2 of the Orcish Mines.
You worshipped Sif Muna.
Sif Muna was extremely pleased with you.
You visited 3 branches of the dungeon, and saw 15 of its levels.
You also visited: Ossuary and Volcano.

You collected 1106 gold pieces.
You spent 272 gold pieces at shops.

Inventory:

Hand Weapons
 a - a +7 double sword of flaming (weapon)
Missiles
 m - 57 poisoned darts (quivered)
 Q - 3 throwing nets
Armour
 k - a +2 robe of cold resistance (worn)
 l - the orb "Wisuwk" (worn) {*channel, Regen+}
   (You found it on level 3 of the Dungeon)

   Regen+:    It increases your rate of health regeneration.
 A - a +2 pair of gloves
 C - a +2 leather armour of fire resistance
 E - a +0 pair of boots (worn)
 I - the +2 pair of gloves "Etalog" (worn) {+Blink rC- SInv Stlth+}
   (You found it on level 6 of the Dungeon)

   rC-:       It makes you vulnerable to cold.
   SInv:      It lets you see invisible.
   +Blink:    It lets you blink.
   Stlth+:    It makes you more stealthy.
 P - a +2 hat (worn)
 S - a +0 cloak (worn)
 Y - a +0 troll leather armour
Magical Staves
 b - a staff of cold
Jewellery
 v - an amulet of magic regeneration (around neck)
 B - a +5 ring of evasion (left hand)
 R - a +6 ring of dexterity
 V - a ring of wizardry (right hand)
 X - a ring of ice
Wands
 p - a wand of flame (18)
 u - a wand of roots (7)
 F - a wand of mindburst (16)
 K - a wand of charming (9)
 L - a wand of acid (17)
 N - a wand of polymorph (14)
Scrolls
 j - 11 scrolls of teleportation
 n - 3 scrolls of fear
 r - 5 scrolls of poison
 s - 2 scrolls of silence
 w - 3 scrolls of amnesia
 y - 3 scrolls of identify
 D - 2 scrolls of revelation
 G - 3 scrolls of enchant armour
Potions
 c - a potion of attraction
 d - 5 potions of might
 e - 3 potions of cancellation
 f - 2 potions of berserk rage
 g - 4 potions of mutation
 h - 5 potions of magic
 i - a potion of resistance
 q - 2 potions of haste
 t - 2 potions of ambrosia
 x - 4 potions of curing
 z - a potion of lignification
 H - 2 potions of enlightenment
Miscellaneous
 o - a lightning rod (4/4)
 O - a condenser vane


   Skills:
 + Level 9.4 Fighting
 + Level 9.4 Short Blades
 + Level 9.4 Long Blades
 + Level 9.4 Axes
 + Level 9.4 Maces & Flails
 + Level 9.4 Polearms
 + Level 9.4 Staves
 + Level 9.4 Ranged Weapons
 + Level 9.4 Throwing
 + Level 9.4 Armour
 + Level 10.5 Dodging
 + Level 10.3 Stealth
 + Level 9.4 Shields
 + Level 9.4 Unarmed Combat
 + Level 10.7 Spellcasting
 + Level 8.2 Conjurations
 + Level 7.9 Hexes
 + Level 7.9 Summonings
 + Level 7.9 Necromancy
 + Level 7.9 Translocations
 + Level 7.9 Fire Magic
 + Level 7.9 Ice Magic
 + Level 9.6 Air Magic
 + Level 7.9 Earth Magic
 + Level 7.9 Alchemy
 + Level 10.3 Invocations
 + Level 9.4 Evocations
 + Level 8.6 Shapeshifting


You had 5 spell levels left.
You knew the following spells:

 Your Spells              Type           Power      Damage    Failure   Level
a - Shock                 Conj/Air       100%       1d9       1%          1
b - Swiftness             Air            46%        N/A       1%          3
c - Airstrike             Air            23%        2d(4-20)  2%          4
d - Frozen Ramparts       Ice            80%        1d13      1%          3
e - Lesser Beckoning      Tloc           80%        N/A       1%          2
f - Static Discharge      Conj/Air       88%        3-7/arc   1%          2
g - Starburst             Conj/Fire      20%        6d7       28%         6
q - Sticky Flame          Fire/Alch      40%        2d8       4%          4
z - Olgreb's Toxic Radia  Alch           40%        N/A       4%          4

Your spell library contained the following spells:

 Spells                   Type           Power      Damage    Failure   Level
 Apportation              Tloc           80%        N/A       1%          1
 Jinxbite                 Hex            80%        N/A       1%          2
 Gell's Gravitas          Tloc           40%        N/A       1%          3
 Inner Flame              Hex/Fire       40%        N/A       1%          3
 Teleport Other           Tloc           40%        N/A       1%          3
 Flame Wave               Conj/Fire      40%        2d11      4%          4
 Fulminant Prism          Conj/Alch      20%        3d12      4%          4
 Leda's Liquefaction      Alch/Erth      20%        N/A       4%          4
 Petrify                  Alch/Erth      40%        N/A       4%          4
 Summon Blazeheart Golem  Fire/Summ      40%        N/A       4%          4
 Alistair's Intoxication  Alch           26%        N/A       9%          5
 Metabolic Englaciation   Hex/Ice        20%        N/A       9%          5
 Summon Mana Viper        Hex/Summ       40%        N/A       9%          5
 Orb of Destruction       Conj           20%        9d8       75%         7
 Spellforged Servitor     Conj/Summ      20%        N/A       77%         7
 Enfeeble                 Hex            20%        N/A       78%         7
 Ozocubu's Refrigeration  Ice            20%        4d11      78%         7
 Discord                  Hex            20%        N/A       100%        8


Dungeon Overview and Level Annotations

Branches:
Dungeon (12/15)            Temple (1/1) D:5            Lair (0/5) D:10
    Orc (2/2) D:12        Ossuary (visited)         Volcano (visited)
    Elf: Orc:2

Altars:
Ashenzari
Cheibriados
Dithmenos
Elyvilon
Fedhas
Gozag
Hepliaklqana
Kikubaaqudgha
Makhleb
Nemelex Xobeh
Okawaru
Qazlal
Ru
Sif Muna
Trog
Uskayaw
Vehumet
Wu Jian
Yredelemnul
Zin
The Shining One

Shops:
D:4 [   Orc:1 (

Annotations:
D:10 1 transporter


Innate Abilities, Weirdness & Mutations

You have very sharp teeth.
Your uncanny sense of smell can sniff out nearby items.
Your experience applies equally to all skills.
Your natural rate of healing is unusually fast.
You are covered in fur. (AC +1)


Message History

The ogre mage points at you and mumbles some strange words.
The bolt of magma misses you.
Casting: Static Discharge (safe; 1% risk of failure)
Confirm with . or Enter, or press ? or * to list all spells.
The ogre mage is struck by an arc of lightning.
The ogre mage is severely wounded.
The ogre mage is struck by an arc of lightning.
You kill the ogre mage!
Sif Muna accepts your kill.
The ogre mage is struck by an arc of lightning.
The ogre mage is severely wounded.
The lightning grounds out.
The ogre mage hits you with a +0 whip!
The orc warrior hits you from afar with a +0 glaive!
The two-headed ogre hits you with a +0 giant spiked club!!
* * * LOW HITPOINT WARNING * * *
The two-headed ogre hits you with a +0 giant club!
* * * LOW HITPOINT WARNING * * *
Press: ? - help, v - describe, . - travel
Here: an ogre mage, wielding a +0 whip and wearing a +0 robe (severely wounded, fast, very poisoned)
The floor.
Unknown command.
You blink.
Found 11 gold pieces.
The ogre mage casts a spell.
The ogre mage flickers and vanishes for a moment.
Your magical contamination has completely faded away.
Press: ? - help, v - describe, . - travel
Here: an orc warrior, wielding a +0 glaive and wearing a +0 plate armour (severely wounded, poisoned)
The floor.
Okay, then.
Aiming: Corrosive Bolt
Press: ? - help, Shift-Dir - straight line, f - ogre mage
Aim: an ogre mage, wielding a +0 whip and wearing a +0 robe (translocational energy, almost dead, fast, slightly transparent, very poisoned, 84% to hit)
The bolt of acid misses the orc warrior.
The bolt of acid hits the two-headed ogre!!
The two-headed ogre is almost dead.
The bolt of acid hits the ogre mage!
The acid corrodes the ogre mage!
You kill the ogre mage!
Sif Muna accepts your kill.
The orc warrior hits you from afar with a +0 glaive!
You die...

...........
#.................
##.......).........
#.............#....
#..................
#........[.)[......
#.......[..).......
#..@.o.).))...)...
#.......O§)))......
#..........).......
#..................
#$...........<#....
#..................
#..................
##........<........
................


You could see a two-headed ogre (poisoned) and an orc warrior (poisoned).

Vanquished Creatures
  Rupert (Orc:1)
  A frost giant (D:12)
  The ghost of Jannitor the Magus, a journeyman DsRe of Nemelex Xobeh (D:12)
  Snorg (D:10)
  2 ettins (Orc:1)
  Fannar (D:11)
  A hydra (D:12)
  A boulder beetle (D:12)
  Harold (D:9)
  A centaur warrior (D:12)
  2 ogre magi (Orc:2)
  A death knight (D:12)
  3 two-headed ogres
  An orc high priest (Orc:2)
  Urug (Orc:1)
  A deep elf knight (D:12)
  5 skeletal warriors (D:10)
  A fire crab (shapeshifter) (D:12)
  The ghost of paavali the Martial Artist, a novice OpSh of Gozag (D:7)
  2 deep elf archers (Volcano)
  9 deep elf pyromancers
  An orc sorcerer (Orc:1)
  A harpy (shapeshifter) (D:12)
  2 ugly things (D:12)
  6 cyclopes
  4 manticores
  Maurice (D:10)
  An ice statue (D:12)
  A kobold blastminer (Orc:1)
  3 unseen horrors
  A gargoyle (D:11)
  4 kobold demonologists (D:12)
  2 komodo dragons
  A yaktaur (D:12)
  A freezing wraith (D:11)
  5 trolls
  A merfolk (D:11)
  A hornet (D:9)
  A centaur simulacrum (D:12)
  8 slime creatures (D:12)
  A shadow (D:9)
  A spriggan (D:8)
  A vampire (D:12)
  3 wraiths
  3 fire elementals (Volcano)
  5 yaks
  2 wargs (Orc:1)
  A human (D:7)
  A steam dragon (D:7)
  2 basilisks (D:12)
  4 vampire mosquitoes
  2 water moccasins
  5 hell hounds (Volcano)
  6 orc warriors
  6 black bears
  3 ice beasts
  2 sky beasts
  10 ogres
  2 wolves (D:10)
  6 centaurs
  4 phantoms
  16 kobold brigands
  4 bullfrogs
  3 scorpions
  9 wights
  9 killer bees
  A vampire bat (D:6)
  3 howler monkeys (D:10)
  A human zombie (Ossuary)
  A hound (D:7)
  5 orc priests
  3 bombardier beetles
  3 jellies
  A gnoll bouda (D:9)
  Jessica (D:2)
  2 iguanas
  13 orc wizards
  2 sleepcaps
  Natasha (twice) (D:3)
  2 human skeletons (D:7)
  5 mummies
  10 gnolls
  6 adders
  2 white imps
  An adder zombie (Ossuary)
  4 dart slugs
  32 orcs
  3 ball pythons
  5 bats
  6 bat skeletons (D:6)
  7 endoplasms
  5 giant cockroaches
  14 goblins
  7 hobgoblins
  4 jackals
  5 quokkas
  A frilled lizard (D:3)
  A gnoll zombie (Ossuary)
  A goblin zombie (Ossuary)
  A hobgoblin zombie (D:4)
  A jackal zombie (Ossuary)
  18 kobolds
  4 kobold zombies
  2 orc zombies (Ossuary)
  7 rats
  3 rat zombies (Ossuary)
389 creatures vanquished.

Vanquished Creatures (others)
  A slime creature (D:12)
  An ogre (Orc:2)
  2 bullfrogs (D:7)
  An orc (Orc:1)
5 creatures vanquished.

Grand Total: 394 creatures vanquished

Notes
Turn   | Place    | Note
-------+----------+-------------------------------------------
     0 | D:1      | Ignak the Gnoll Air Elementalist began the quest for the
                  | Orb.
     0 | D:1      | Reached XP level 1. HP: 13/13 MP: 6/6
    95 | D:1      | Reached XP level 2. HP: 20/20 MP: 1/7
   444 | D:1      | Reached skill level 5 in Spellcasting
   444 | D:1      | Reached XP level 3. HP: 25/25 MP: 4/9
   447 | D:1      | Learned a level 2 spell: Static Discharge
   451 | D:1      | Learned a level 3 spell: Swiftness
   711 | D:2      | Reached skill level 1 in Invocations
   858 | D:2      | Reached skill level 1 in Fighting
   858 | D:2      | Reached skill level 1 in Short Blades
   858 | D:2      | Reached skill level 1 in Long Blades
   858 | D:2      | Reached skill level 1 in Axes
   858 | D:2      | Reached skill level 1 in Maces & Flails
   858 | D:2      | Reached skill level 1 in Polearms
   858 | D:2      | Reached skill level 1 in Staves
   858 | D:2      | Reached skill level 1 in Ranged Weapons
   858 | D:2      | Reached skill level 1 in Throwing
   858 | D:2      | Reached skill level 1 in Armour
   858 | D:2      | Reached skill level 1 in Shields
   858 | D:2      | Reached skill level 1 in Unarmed Combat
   858 | D:2      | Reached skill level 1 in Evocations
   995 | D:2      | Noticed Jessica
   998 | D:2      | Killed Jessica
   999 | D:2      | Reached skill level 1 in Shapeshifting
   999 | D:2      | Reached XP level 4. HP: 26/32 MP: 8/11
  1040 | D:2      | Reached skill level 1 in Hexes
  1040 | D:2      | Reached skill level 1 in Summonings
  1040 | D:2      | Reached skill level 1 in Necromancy
  1040 | D:2      | Reached skill level 1 in Translocations
  1040 | D:2      | Reached skill level 1 in Fire Magic
  1040 | D:2      | Reached skill level 1 in Ice Magic
  1040 | D:2      | Reached skill level 1 in Earth Magic
  1040 | D:2      | Reached skill level 1 in Alchemy
  1064 | D:2      | Learned a level 4 spell: Airstrike
  1068 | D:2      | Learned a level 3 spell: Teleport Other
  1094 | D:2      | Reached XP level 5. HP: 28/37 MP: 1/12
  1877 | D:3      | Identified the orb "Wisuwk" {*channel, Regen+}
  1895 | D:3      | Noticed Natasha
  1900 | D:3      | Killed Natasha
  2036 | D:3      | Reached XP level 6. HP: 36/44 MP: 7/13
  2116 | D:3      | Reached skill level 5 in Dodging
  2410 | D:3      | Noticed Natasha
  2422 | D:3      | Killed Natasha
  3041 | D:4      | Gained mutation: You are covered in fur. (AC +1) [potion of
                  | mutation]
  3041 | D:4      | Gained mutation: Your natural rate of healing is unusually
                  | fast. [potion of mutation]
  3145 | D:4      | Reached XP level 7. HP: 35/51 MP: 4/15
  3259 | D:4      | Learned a level 4 spell: Olgreb's Toxic Radiance
  3454 | D:4      | Found a sand-covered staircase.
  3467 | Ossuary  | Entered an ossuary
  3636 | Ossuary  | Reached skill level 5 in Stealth
  3968 | D:4      | Found Becwiots's Armour Shop.
  3976 | D:4      | Bought a +2 pair of gloves for 214 gold pieces
  4055 | D:4      | Found a hide-covered altar of Uskayaw.
  4254 | D:5      | Entered Level 5 of the Dungeon
  4338 | D:5      | Reached XP level 8. HP: 58/58 MP: 9/16
  4468 | D:5      | You fall into a shaft and drop 3 floors!
  4849 | D:4      | Bought a +0 pair of boots for 58 gold pieces
  4940 | D:5      | Found a staircase to the Ecumenical Temple.
  4952 | Temple   | Entered the Ecumenical Temple
  4963 | Temple   | Became a worshipper of Sif Muna the Loreminder
  5370 | D:6      | Identified the +2 pair of gloves "Etalog" {+Blink rC- SInv
                  | Stlth+}
  5400 | D:6      | Reached XP level 9. HP: 65/65 MP: 18/18
  5441 | D:6      | Learned a level 4 spell: Sticky Flame
  5511 | D:6      | Found an iron altar of Okawaru.
  6058 | D:6      | Found an ancient bone altar of Kikubaaqudgha.
  6490 | D:7      | Reached * piety under Sif Muna
  6520 | D:7      | Found a runed translucent gate.
  6520 | D:7      | Found a runed translucent gate.
  6520 | D:7      | Found a runed translucent gate.
  6520 | D:7      | Noticed paavali's ghost (novice OpSh)
  6737 | D:7      | Found a runed translucent door.
  6742 | D:7      | Found a basalt altar of Yredelemnul.
  7011 | D:7      | Reached skill level 5 in Invocations
  7057 | D:7      | Killed paavali's ghost
  7058 | D:7      | Reached skill level 5 in Fighting
  7058 | D:7      | Reached skill level 5 in Short Blades
  7058 | D:7      | Reached skill level 5 in Long Blades
  7058 | D:7      | Reached skill level 5 in Axes
  7058 | D:7      | Reached skill level 5 in Maces & Flails
  7058 | D:7      | Reached skill level 5 in Polearms
  7058 | D:7      | Reached skill level 5 in Staves
  7058 | D:7      | Reached skill level 5 in Ranged Weapons
  7058 | D:7      | Reached skill level 5 in Throwing
  7058 | D:7      | Reached skill level 5 in Armour
  7058 | D:7      | Reached skill level 5 in Shields
  7058 | D:7      | Reached skill level 5 in Unarmed Combat
  7058 | D:7      | Reached skill level 5 in Evocations
  7058 | D:7      | Reached XP level 10. HP: 33/74 MP: 11/20
  7308 | D:8      | Reached skill level 5 in Conjurations
  7310 | D:8      | Reached skill level 5 in Shapeshifting
  7543 | D:8      | Reached ** piety under Sif Muna
  7912 | D:9      | Found a bloodstained altar of Trog.
  7956 | D:9      | Reached skill level 5 in Hexes
  7956 | D:9      | Reached skill level 5 in Summonings
  7956 | D:9      | Reached skill level 5 in Necromancy
  7956 | D:9      | Reached skill level 5 in Translocations
  7956 | D:9      | Reached skill level 5 in Fire Magic
  7956 | D:9      | Reached skill level 5 in Ice Magic
  7956 | D:9      | Reached skill level 5 in Earth Magic
  7956 | D:9      | Reached skill level 5 in Alchemy
  8122 | D:9      | Reached XP level 11. HP: 81/81 MP: 22/22
  8207 | D:9      | Noticed Harold
  8217 | D:9      | Killed Harold
  8321 | D:10     | Entered Level 10 of the Dungeon
  8361 | D:10     | Noticed Maurice
  8404 | D:10     | Maurice stole 42 poisoned darts
  8407 | D:10     | Killed Maurice
  8430 | D:10     | Found a blossoming altar of Fedhas.
  8449 | D:10     | Found a staircase to the Lair.
  8587 | D:10     | Found a glowing golden altar of the Shining One.
  8664 | D:10     | Reached *** piety under Sif Muna
  8697 | D:10     | Found a transporter.
  8701 | D:10     | Found a transporter.
  8718 | D:10     | Found a transporter.
  8799 | D:10     | Found a transporter.
  8813 | D:10     | Noticed Snorg
  8818 | D:10     | Killed Snorg
  8849 | D:10     | Noticed a skeletal warrior
  8849 | D:10     | Noticed a skeletal warrior
  8880 | D:10     | Killed a skeletal warrior
  8911 | D:10     | Killed a skeletal warrior
  8924 | D:10     | Noticed a skeletal warrior
  8924 | D:10     | Noticed a skeletal warrior
  8924 | D:10     | Noticed a skeletal warrior
  8943 | D:10     | Killed a skeletal warrior
  8951 | D:10     | Killed a skeletal warrior
  9017 | D:10     | Killed a skeletal warrior
  9591 | D:11     | Noticed a cyclops
  9602 | D:11     | Killed a cyclops
  9610 | D:11     | Learned a level 3 spell: Frozen Ramparts
  9638 | D:11     | Noticed a manticore
  9642 | D:11     | Killed a manticore
  9666 | D:11     | Reached XP level 12. HP: 91/91 MP: 10/24
  9940 | D:11     | Noticed Fannar
  9961 | D:11     | Killed Fannar
 10504 | D:12     | Found a snail-covered altar of Cheibriados.
 10546 | D:12     | Noticed a centaur warrior
 10581 | D:12     | Killed a centaur warrior
 10629 | D:12     | Found a staircase to the Orcish Mines.
 10643 | D:12     | Found a transporter.
 10670 | D:12     | Noticed Jannitor's ghost (journeyman DsRe)
 10670 | D:12     | Noticed a deep elf knight
 10680 | D:12     | Found a transporter.
 10803 | D:12     | Learned a level 2 spell: Lesser Beckoning
 11193 | D:12     | Noticed a sun demon
 11239 | D:12     | Reached **** piety under Sif Muna
 11478 | D:12     | Noticed a boulder beetle
 11488 | D:12     | Reached XP level 13. HP: 52/98 MP: 5/26
 11625 | D:12     | Noticed a frost giant
 11647 | D:12     | HP: 4/98 [frost giant/bolt of cold (39)]
 11651 | D:12     | Killed a frost giant
 12235 | D:12     | Reached skill level 10 in Spellcasting
 12278 | D:12     | Killed Jannitor's ghost
 12436 | Orc:1    | Entered Level 1 of the Orcish Mines
 12474 | Orc:1    | Found a dark tunnel.
 12488 | Volcano  | Entered a volcano
 12508 | Volcano  | Reached skill level 10 in Dodging
 12512 | Volcano  | Reached ***** piety under Sif Muna
 12655 | Volcano  | Reached skill level 10 in Stealth
 12885 | Orc:1    | Found Qeaceog's Antique Weapon Shop.
 12885 | Orc:1    | Noticed an ettin
 12894 | Orc:1    | Killed an ettin
 12952 | Orc:2    | Entered Level 2 of the Orcish Mines
 12952 | Orc:2    | Noticed Urug
 12952 | Orc:2    | Noticed an ettin
 12958 | Orc:2    | Noticed Rupert
 12968 | Orc:1    | Killed an ettin
 12969 | Orc:1    | Reached skill level 10 in Invocations
 12969 | Orc:1    | Reached XP level 14. HP: 27/103 MP: 12/28
 13032 | Orc:1    | Killed Rupert
 13082 | Orc:1    | Received a gift from Sif Muna
 13085 | Orc:1    | Got Sif Muna's Textbook on Puissant Interference {god gift}
 13096 | Orc:1    | Learned a level 6 spell: Starburst
 13155 | Orc:1    | Killed Urug
 13358 | Orc:2    | Slain by an orc warrior

Illustrated notes

Levels and vault maps discovered:
D:1:      dpeg_arrival_central, layout_rooms
D:2:      layout_basic, uniq_jessica
D:3:      minmay_thinvault, layout_basic, uniq_natasha
D:4:      layout_loops_ring, nicolae_uskayaw_suspiria, serial_shops, shop,
          nicolae_ossuary_entry_giza
D:5:      layout_rooms, minmay_temple_entry_crystal_x
D:6:      layout_layer_cave, hellmonk_okawaru_the_only_friend_you_need,
          kennysheep_vampire_church
D:7:      layout_loops_ring, dk_yredelemnul_ordeal,
          gammafunk_ghost_nasty_kobolds
D:8:      layout_rooms, the_hattery
D:9:      layout_irregular_city, trog_ov_bears_minmay, uniq_harold
D:10:     layout_roguey, fedhas_altar_1, nicolae_overflow_hidden_temple,
          erik_lair_orcish_takeover, nicolae_transporter_circle, uniq_maurice,
          uniq_snorg
D:11:     layout_stronghold, hangedman_fish_farm, uniq_fannar
D:12:     evilmike_diamond_2, layout_long_grid, orc_0_dummy, nzn_ghost_randoct,
          grunt_ministairs_12, cheibriados_altar_1
Temple:   nicolae_temple_bog_church
Orc:1:    lemuel_ogre_cave, layout_caves, enter_volcano_2, serial_shops, shop,
          uniq_erolcha
Orc:2:    st_orc_ogre_mass, layout_caves, gammafunk_ghost_smash, uniq_rupert,
          uniq_urug

Skill      XL: |  1  2  3  4  5  6  7  8  9 10 11 12 13 14 |
---------------+-------------------------------------------+-----
Conjurations   | 2 3 4 5 6 7 8 |  8.2
Spellcasting   | 5 6 7 8 9 10 | 10.7
Invocations    | 1 2 3 4 5 6 7 8 10 | 10.3
Fighting       | 1 2 3 5 6 7 8 9 |  9.4
Short Blades   | 1 2 3 5 6 7 8 9 |  9.4
Long Blades    | 1 2 3 5 6 7 8 9 |  9.4
Axes           | 1 2 3 5 6 7 8 9 |  9.4
Maces & Flails | 1 2 3 5 6 7 8 9 |  9.4
Polearms       | 1 2 3 5 6 7 8 9 |  9.4
Staves         | 1 2 3 5 6 7 8 9 |  9.4
Ranged Weapons | 1 2 3 5 6 7 8 9 |  9.4
Throwing       | 1 2 3 5 6 7 8 9 |  9.4
Armour         | 1 2 3 5 6 7 8 9 |  9.4
Shields        | 1 2 3 5 6 7 8 9 |  9.4
Unarmed Combat | 1 2 3 5 6 7 8 9 |  9.4
Evocations     | 1 2 3 5 6 7 8 9 |  9.4
Shapeshifting  | 1 2 3 4 5 6 7 8 |  8.6
Hexes          | 1 2 3 4 5 6 7 |  7.9
Summonings     | 1 2 3 4 5 6 7 |  7.9
Necromancy     | 1 2 3 4 5 6 7 |  7.9
Translocations | 1 2 3 4 5 6 7 |  7.9
Fire Magic     | 1 2 3 4 5 6 7 |  7.9
Ice Magic      | 1 2 3 4 5 6 7 |  7.9
Earth Magic    | 1 2 3 4 5 6 7 |  7.9
Alchemy        | 1 2 3 4 5 6 7 |  7.9
Dodging        | 5 6 7 8 9 10 | 10.5
Stealth        | 5 6 7 8 9 10 | 10.3
Air Magic      | 6 7 8 9 |  9.6

Action                     |  1- 3 |  4- 6 |  7- 9 | 10-12 | 13-15 || total
---------------------------+-------+-------+-------+-------+-------++-------
  Melee: Spear             |     9 |       |       |       |       ||     9
         Whip              |    17 |       |       |       |       ||    17
         Dagger            |    15 |    58 |    13 |       |       ||    86
         Bite              |     1 |     8 |    23 |    31 |    22 ||    85
         Punch             |     1 |       |       |       |       ||     1
         Hand axe          |       |    39 |   228 |   109 |       ||   376
         Scimitar          |       |       |       |   134 |   108 ||   242
         Staff             |       |       |       |       |    10 ||    10
         Double sword      |       |       |       |       |     8 ||     8
  Throw: Dart              |       |     7 |    13 |     5 |       ||    25
   Cast: Shock             |    39 |    40 |    15 |     9 |       ||   103
         Static Discharge  |     1 |     9 |    63 |     4 |     5 ||    82
         Airstrike         |       |     6 |    13 |    71 |    21 ||   111
         Teleport Other    |       |       |     2 |     1 |       ||     3
         Olgreb's Toxic Ra |       |       |     1 |    49 |    41 ||    91
         Sticky Flame      |       |       |       |    37 |    46 ||    83
         Frozen Ramparts   |       |       |       |     4 |     9 ||    13
         Lesser Beckoning  |       |       |       |     2 |     5 ||     7
 Invoke: Channel Magic     |       |       |       |       |     1 ||     1
Ability: Evoke Blink       |       |       |     1 |     4 |    14 ||    19
  Evoke: Wand              |       |       |     6 |     1 |     6 ||    13
         Lightning rod     |       |       |       |       |     4 ||     4
         Condenser vane    |       |       |       |       |     1 ||     1
    Use: Scroll            |     2 |     4 |    10 |     3 |    10 ||    29
         Potion            |       |     2 |     5 |     1 |     1 ||     9
   Stab: Sleeping          |     2 |    11 |    11 |     5 |     2 ||    31
         Distracted        |       |       |     1 |       |     1 ||     2
 Armour: Robe              |    15 |    66 |   115 |    82 |   122 ||   400
         Steam dragon scal |       |       |   112 |   113 |       ||   225
         Ring mail         |       |       |       |       |    43 ||    43
  Dodge: Dodged            |    31 |    63 |   328 |   307 |   232 ||   961

Table legend: (Time is in decaauts)
 A = Elapsed time spent in this place.
 B = Non-inter-level travel time spent in this place.
 C = Inter-level travel time spent in this place.
 D = Time resting spent in this place.
 E = Time spent auto-exploring this place.
 F = Levels seen in this place.
 G = Mean time per level.
                   A        B        C        D        E       F      G
               +--------+--------+--------+--------+--------+-----+--------+
         Total |  13407 |  12889 |    518 |    641 |   6411 |  17 |  788.6 |
       Dungeon |  12259 |  11761 |    498 |    458 |   6400 |  12 | 1021.6 |
        Temple |     22 |      2 |     20 |      0 |      0 |   1 |   22.0 |
  Orcish Mines |    620 |    620 |      0 |    172 |     11 |   2 |  310.0 |
       Ossuary |    196 |    196 |      0 |      0 |      0 |   1 |  196.0 |
       Volcano |    308 |    308 |      0 |     11 |      0 |   1 |  308.0 |
               +--------+--------+--------+--------+--------+-----+--------+

Top non-repeatable levels by time:
    D:12: 1957 daAuts
     D:6: 1307 daAuts
     D:3: 1249 daAuts
    D:10: 1194 daAuts
     D:2: 1118 daAuts
     D:4: 1099 daAuts
     D:7: 984 daAuts
    D:11: 955 daAuts
     D:1: 692 daAuts
     D:9: 617 daAuts
     D:8: 595 daAuts
   Orc:1: 565 daAuts
     D:5: 487 daAuts
 Volcano: 308 daAuts
 Ossuary: 196 daAuts
